 Dungeon Crawl Stone Soup version 0.25-a0-598-gc9c9e4cfe1 (webtiles) character file.

Game seed: 11616236801742278232, levelgen mode: deterministic

341 Esekla the Ducker (level 6, 20/29 HPs)
             Began as a Spriggan Artificer on Mar 16, 2020.
             Got out of the dungeon alive.
             The game lasted 00:28:00 (5653 turns).

Esekla the Ducker (Spriggan Artificer)              Turns: 5653, Time: 00:28:01

Health: 20/29      AC:  5    Str:  8    XL:     6   Next: 30%
Magic:  10/10      EV: 21    Int: 15    God:
Gold:   247        SH:  0    Dex: 16    Spells: 9/9 levels left

rFire    . . .     SeeInvis +   z - +0 short sword (venom)
rCold    + . .     Gourm    .   (shield restricted)
rNeg     . . .     Faith    .   b - +0 robe
rPois    .         Spirit   .   (helmet restricted)
rElec    .         Reflect  .   p - +2 cloak
rCorr    .         Harm     .   (gloves unavailable)
MR       +....                  (boots unavailable)
Stlth    +++.......             x - amulet of the acrobat
HPRegen  0.09/turn              k - ring of protection from cold
MPRegen  0.12/turn              (no ring)

@: very quick
A: very small, unfitting armour, see invisible, herbivore, speed 3, slow
metabolism 2
a: no special abilities


You escaped.
You were not hungry.

You visited 2 branches of the dungeon, and saw 6 of its levels.

You collected 247 gold pieces.

Inventory:

Hand Weapons
 z - a +0 short sword of venom (weapon)
Missiles
 B - 6 boomerangs (quivered)
Armour
 b - a +0 robe (worn)
 h - a +0 leather armour
 m - the cursed +0 leather armour "Ajesoiq" {MR+ Str+3 Int-5 Dex+3, unknown}
   (You found it on level 4 of the Dungeon)

   It affects your strength (+3).
   It affects your intelligence (-5).
   It affects your dexterity (+3).
   It affects your resistance to hostile enchantments.
   It has a curse placed upon it.
 p - a +2 cloak (worn)
 v - a +0 leather armour
 w - a +0 leather armour
 y - a +0 leather armour
Jewellery
 k - a ring of protection from cold (left hand)
 x - an amulet of the acrobat (around neck)
Wands
 c - a wand of flame (15)
 d - a wand of enslavement (15)
 e - a wand of random effects (15)
 C - a wand of iceblast (6)
Scrolls
 a - a scroll of magic mapping {unknown}
 i - a scroll of enchant armour
 j - a scroll of fog {unknown}
 l - a scroll of amnesia
 o - a scroll of immolation {unknown}
 r - a scroll of blinking {unknown}
 t - 2 scrolls of remove curse
 A - a scroll of teleportation {unknown}
Potions
 g - a potion of resistance
 n - a potion of flight {unknown}
 q - a potion of invisibility
 s - 3 potions of might
 u - a potion of heal wounds {unknown}
Comestibles
 f - 6 rations


   Skills:
 - Level 0.7 Fighting
 * Level 5.0 Short Blades
 * Level 5.5 Dodging
 + Level 3.6 Stealth
 * Level 2.4 Spellcasting
 - Level 4.0 Evocations


You had 9 spell levels left.
You didn't know any spells.
Your spell library was empty.

Dungeon Overview and Level Annotations

Branches:
Dungeon (5/15)             Temple (1/1) D:4

Altars:
Dithmenos
Fedhas
Hepliaklqana
Kikubaaqudgha
Makhleb
Nemelex Xobeh
Okawaru
Ru
Sif Muna
Uskayaw
Vehumet
Xom
Yredelemnul
Zin

Annotations:
D:4 Pikel


Innate Abilities, Weirdness & Mutations

You are very small and have problems with some larger weapons.
You are too small for most types of armour.
You have supernaturally acute eyesight. (SInv)
You are a herbivore.
You cover ground extremely quickly.
You need to consume almost no food.


Message History

There is a stone staircase leading down here.
There is a stone staircase leading up here.
You climb upwards.
There is a stone staircase leading down here.
There is a stone staircase leading up here.
You climb upwards.
There is a stone staircase leading down here.
You see here a club.
You see here a +0 club.
Things that are here:
a +0 ring mail; a +0 trident
There is a stone staircase leading up here.
You climb upwards.
There is a stone staircase leading down here.
Things that are here:
a spiked leather armour; a leather armour
h - a leather armour;
m - a spiked leather armour
There is a staircase leading out of the dungeon here.
Are you sure you want to leave the Dungeon?
This will make you lose the game!
You have escaped!

#.#...###########...#.#### #....
#.#.#....................# #....
#.#.#...###############..# ##...
#...##.##.............##.## #...
#####..........⌠..........######
##...⌠.................⌠...## #
##........⌠.........⌠........###
#.............................##
#...⌠..........@.........(⌠...##
#.............................##
##........⌠.........⌠........###
##...⌠(................⌠...## #
###..........⌠..........### #
#####.............##### #
############### # #


There were no monsters in sight!

Vanquished Creatures
  A howler monkey (D:5)
  A hound (D:5)
  A bullfrog skeleton (D:5)
  2 orc wizards
  A hound skeleton (D:4)
  3 gnolls (D:3)
  5 adders
  An ooze (D:3)
  3 adder skeletons
  2 worms (D:3)
  2 dart slugs
  4 leopard geckos
  11 orcs
  A giant cockroach (D:1)
  8 goblins
  9 hobgoblins
  3 jackals
  4 kobolds
  2 quokkas
  3 bats
  6 frilled lizards
  A leopard gecko skeleton (D:3)
  A leopard gecko zombie (D:5)
  2 rats
77 creatures vanquished.

Notes
Turn   | Place    | Note
-------+----------+-------------------------------------------
     0 | D:1      | Esekla the Spriggan Artificer began the quest for the Orb.
     0 | D:1      | Reached XP level 1. HP: 9/9 MP: 4/4
   748 | D:2      | Reached skill level 1 in Spellcasting
   748 | D:2      | Reached XP level 2. HP: 8/14 MP: 6/6
  1813 | D:2      | Reached XP level 3. HP: 17/17 MP: 7/7
  2213 | D:2      | Found a hazy altar of Hepliaklqana.
  2844 | D:3      | Found a burning altar of Makhleb.
  2844 | D:3      | Noticed a blizzard demon
  2902 | D:4      | Got a spiked leather armour
  2923 | D:4      | Reached XP level 4. HP: 20/21 MP: 8/8
  3763 | D:3      | Reached XP level 5. HP: 15/25 MP: 9/9
  4130 | D:4      | Found a staircase to the Ecumenical Temple.
  4130 | D:4      | Noticed Pikel
  4130 | D:4      | Noticed a slave
  4130 | D:4      | Noticed a slave
  4130 | D:4      | Noticed a slave
  4130 | D:4      | Noticed a slave
  4254 | Temple   | Entered the Ecumenical Temple
  4495 | D:4      | Reached skill level 5 in Dodging
  4572 | D:4      | Found a basalt altar of Yredelemnul.
  4731 | D:5      | Entered Level 5 of the Dungeon
  4792 | D:5      | Found a radiant altar of Vehumet.
  5160 | D:5      | Reached XP level 6. HP: 25/29 MP: 10/10
  5170 | D:5      | Found a sacrificial altar of Ru.
  5445 | D:5      | Reached skill level 5 in Short Blades
  5653 | D:$      | Got out of the dungeon alive.

Levels and vault maps discovered:
D:1:      dpeg_arrival_water_temple_mockup, layout_basic, glass_columns_a
D:2:      layout_basic, overflow_temple_1_default, first_ration
D:3:      layout_rooms, makhleb_altar_promises_db, chequers_arboretum,
          kennysheep_generic_room_9
D:4:      layout_cave_pools, yredelemnul_altar_generic,
          minmay_temple_entry_butterflies, minmay_distorted, uniq_pikel
D:5:      layout_basic, overflow_temple_1_default, lemuel_doored_altar,
          basic_altar
Temple:   eino_wide_crystal_templ

Skill      XL: |  1  2  3  4  5  6 |
---------------+-------------------+-----
Spellcasting   | 1 2 |  2.4
Stealth        | 2 3 |  3.6
Short Blades   | 2 3 4 5 |  5.0
Dodging        | 4 5 |  5.5
Fighting       | |  0.7
Evocations     | |  4.0

Action                   |  1- 3 |  4- 6 || total
-------------------------+-------+-------++-------
Melee: Short sword       |   161 |   269 ||   430
Throw: Boomerang         |       |     1 ||     1
  Use: Potion            |     2 |     2 ||     4
       Scroll            |       |     5 ||     5
 Stab: Sleeping          |     8 |     5 ||    13
  Eat: Ration            |       |     2 ||     2
Armor: Robe              |    10 |    29 ||    39
Dodge: Dodged            |   113 |   188 ||   301

Table legend:
 A = Non-vault XP
 B = Vault XP
 C = Vault XP percentage of total XP
 D = Non-vault monster count
 E = Vault monster count
 F = Vault count percentage of total count
                 A         B        C        D         E       F
            +---------+---------+-------+---------+---------+-------
      Total |     462 |      26 |   5.3 |      73 |       4 |   5.2
            +---------+---------+-------+---------+---------+-------
        D:1 |      25 |       0 |   0.0 |      13 |       0 |   0.0
        D:2 |      51 |       0 |   0.0 |      16 |       0 |   0.0
        D:3 |     144 |       3 |   2.0 |      24 |       2 |   7.7
        D:4 |      86 |      23 |  21.1 |      10 |       2 |  16.7
        D:5 |     156 |       0 |   0.0 |      10 |       0 |   0.0
            +---------+---------+-------+---------+---------+-------
